 Dungeon Crawl Stone Soup version 0.23.2-1-ga50397a6bc (webtiles) character file.

Game seed: 15076693255454177976

484 jorum the Skirmisher (level 7, -2/44 HPs)
             Began as a Gargoyle Gladiator on May 14, 2019.
             Slain by an ice beast (7 damage)
             ... on level 5 of the Dungeon.
             The game lasted 00:22:03 (3581 turns).

jorum the Skirmisher (Gargoyle Gladiator)           Turns: 3581, Time: 00:22:04

Health: -2/44      AC: 11    Str: 20    XL:     7   Next: 12%
Magic:  7/7        EV: 12    Int:  8    God:
Gold:   181        SH:  0    Dex: 11    Spells: 6/6 levels left

rFire    . . .     SeeInvis .   h - +2 falchion (holy)
rCold    . . .     Gourm    .   (no shield)
rNeg     + . .     Faith    .   b - +0 ring mail
rPois    ∞         Spirit   .   c - +0 helmet
rElec    +         Reflect  .   (no cloak)
rCorr    .         Harm     .   (no gloves)
MR       .....                  (no boots)
Stlth    +.........             (no amulet)
HPRegen  0.14/turn              (no ring)
MPRegen  0.10/turn              (no ring)

@: no status effects
A: negative energy resistance 1, electricity resistance, unbreathing,
petrification resistance, rot immunity, AC +4
a: no special abilities


You were on level 5 of the Dungeon.
You were not hungry.

You visited 1 branch of the dungeon, and saw 5 of its levels.

You collected 181 gold pieces.

Inventory:

Hand Weapons
 a - a +0 flail
 h - a +2 falchion of holy wrath (weapon)
 k - a +1 flail of protection
 o - a +3 war axe
Missiles
 d - 3 throwing nets (quivered)
Armour
 b - a +0 ring mail (worn)
 c - a +0 helmet (worn)
Jewellery
 e - a +3 amulet of reflection {unknown}
 p - a cursed ring of attention {unknown}
Wands
 n - a wand of flame (17)
Scrolls
 g - a scroll of noise {unknown}
 i - 6 scrolls of identify {unknown}
 j - a scroll of fog {unknown}
 l - a scroll of teleportation {unknown}
Potions
 m - 2 potions of haste {unknown}
Comestibles
 f - 9 rations


   Skills:
 + Level 4.4 Fighting
 + Level 3.5 Long Blades
 + Level 4.2 Maces & Flails
 + Level 2.0 Throwing
 + Level 2.6 Armour
 + Level 2.9 Dodging
 + Level 0.3 Stealth


You had 6 spell levels left.
You didn't know any spells.
Your spell library was empty.

Dungeon Overview and Level Annotations

Branches:
Dungeon (5/15)
 Temple: D:4-7

Altars:
Ashenzari
Fedhas
Okawaru
Trog
Yredelemnul

Shops:
D:4 [

Annotations:
D:2 exclusion: oklob plant


Innate Abilities, Weirdness & Mutations

You are resistant to torment.
Your stone body is resilient. (AC +4)
You are immune to poison.
You resist negative energy. (rN+)
You are resistant to electric shocks. (rElec)
You can survive without breathing.
You are immune to petrification.
You are immune to rotting.


Message History

You closely miss the ice beast.
The ice beast is severely wounded.
The ice beast hits you. The ice beast freezes you!
* * * LOW HITPOINT WARNING * * *
The ice beast hits you but does no damage.
You closely miss the ice beast.
The ice beast is severely wounded.
The ice beast hits you but does no damage.
You hit the ice beast.
The ice beast is severely wounded.
The ice beast misses you.
You closely miss the ice beast.
The ice beast is severely wounded.
The ice beast hits you but does no damage.
You hit the ice beast.
The ice beast is almost dead.
The ice beast hits you.
* * * LOW HITPOINT WARNING * * *
The ice beast freezes you!
You die...

#.#.# #.#.#
#.#.#
##.#.#
######....#
..........#
#..<# ##Y##
.######@#
...[....#
.########


You could see an ice beast.

Vanquished Creatures
  2 scorpions (D:4)
  A bullfrog zombie (D:4)
  A centaur skeleton (D:4)
  2 orc priests
  An orc wizard (D:3)
  2 worker ants
  5 adders
  4 gnolls (D:4)
  2 adder skeletons (D:4)
  3 worms (D:2)
  2 dart slugs
  A leopard gecko (D:3)
  14 orcs
  3 bats
  2 giant cockroaches (D:3)
  6 goblins
  4 hobgoblins
  9 jackals
  A quokka (D:2)
  A ball python (D:4)
  4 frilled lizards
  11 kobolds
  11 rats
  3 fungi (D:2)
95 creatures vanquished.

Notes
Turn   | Place    | Note
-------+----------+-------------------------------------------
     0 | D:1      | jorum the Gargoyle Gladiator began the quest for the Orb.
     0 | D:1      | Reached XP level 1. HP: 12/12 MP: 1/1
   132 | D:1      | Reached XP level 2. HP: 17/17 MP: 2/2
   576 | D:2      | Reached XP level 3. HP: 13/22 MP: 3/3
   784 | D:2      | Reached XP level 4. HP: 8/27 MP: 4/4
   993 | D:2      | Found a blossoming altar of Fedhas.
  1042 | D:2      | Noticed an oklob plant
  1117 | D:2      | Found a shattered altar of Ashenzari.
  1197 | D:2      | Found an iron altar of Okawaru.
  1199 | D:2      | Found a basalt altar of Yredelemnul.
  1399 | D:3      | Reached skill level 1 in Armour
  2012 | D:3      | Reached XP level 5. HP: 18/32 MP: 5/5
  2195 | D:3      | Reached skill level 1 in Long Blades
  2553 | D:3      | Found a bloodstained altar of Trog.
  2730 | D:4      | Paralysed by fainting for 6 turns
  2763 | D:4      | Paralysed by fainting for 5 turns
  2776 | D:4      | Found a sand-covered staircase.
  2865 | D:4      | Reached XP level 6. HP: 30/38 MP: 6/6
  3044 | D:4      | Found Ludephuc's Armour Boutique.
  3545 | D:5      | Entered Level 5 of the Dungeon
  3545 | D:5      | Noticed an ice beast
  3558 | D:5      | Reached XP level 7. HP: 31/44 MP: 7/7
  3581 | D:5      | Slain by an ice beast

Skill      XL: |  1  2  3  4  5  6 |
---------------+-------------------+-----
Throwing       | 2 |  2.0
Maces & Flails | 4 |  4.2
Armour         | 1 2 |  2.6
Fighting       | 3 4 |  4.4
Long Blades    | 2 3 |  3.5
Dodging        | |  2.9
Stealth        | |  0.3

Action                   |  1- 3 |  4- 6 |  7- 9 || total
-------------------------+-------+-------+-------++-------
Melee: Flail             |   101 |    53 |       ||   154
       Falchion          |       |   151 |    21 ||   172
  Use: Potion            |     1 |       |       ||     1
  Eat: Ration            |       |     3 |       ||     3
Armor: Leather armour    |     3 |       |       ||     3
       Ring mail         |    49 |    94 |    12 ||   155
Dodge: Dodged            |    86 |   114 |    13 ||   213
       Rpst.: Falchion   |       |    37 |     4 ||    41
